 Dungeon Crawl Stone Soup version 0.17.0-7-gfadd4cc (console) character file.

135 gw the Slasher (level 4, -2/28 HPs)
             Began as a Deep Elf Abyssal Knight on Nov 8, 2015.
             Was a Believer of Lugonu.
             Slain by gw's ghost (9 damage)
             ... on level 4 of the Dungeon.
             The game lasted 00:02:38 (2753 turns).

gw the Slasher (Deep Elf Abyssal Knight)            Turns: 2753, Time: 00:02:38

Health: -2/28      AC:  6    Str:  9    XL:     4   Next: 96%
Magic:  8/8        EV:  9    Int: 17    God:    Lugonu [**....]
Gold:   55         SH:  0    Dex: 15    Spells: 0 memorised, 3 levels left

rFire  . . .     SeeInvis .     a - +1 falchion
rCold  . . .     Clarity  .     d - +0 scale mail
rNeg   . . .     SustAt   .     (no shield)
rPois  .         Gourm    .     (no helmet)
rElec  .         Spirit   .     (no cloak)
rCorr  .         Warding  .     (no gloves)
rMut   .         Stasis   .     (no boots)
MR     .....                    (no amulet)
Stlth  ..........               (no ring)
                                (no ring)

@: not resistant to hostile enchantments, extremely unstealthy
A: no striking features
a: Depart the Abyss, Bend Space, Renounce Religion


You were on level 4 of the Dungeon.
You worshipped Lugonu.
Lugonu was pleased with you.
You were not hungry.

You visited 1 branch of the dungeon, and saw 4 of its levels.
You visited the Abyss 1 time.

You collected 55 gold pieces.

Inventory:

Hand Weapons
 a - a +1 falchion (weapon)
Armour
 d - a +0 scale mail (worn)
Comestibles
 c - 4 bread rations


   Skills:
 + Level 3.0 Fighting
 * Level 3.3 Long Blades
 + Level 1.5 Armour
 - Level 2.4 Dodging
 + Level 3.0 Invocations


You had 3 spell levels left.
You didn't know any spells.

Dungeon Overview and Level Annotations

Branches:
Dungeon (4/15)
 Temple: D:4-7

Altars:
Nemelex Xobeh

Shops:
D:4 [

Annotations:
D:4 gw's ghost, amateur FeSk


Message History

Unknown command.
MOVING TO (-6,6)
Found a brown potion.
Unknown command.
Unknown command.
Unknown command.
MOVING TO (-5,5)
An adder comes into view.
The hound completely misses you.
Unknown command.
Unknown command.
Unknown command.
MOVING TO (-4,4)
The hound bites you.
Unknown command.
Unknown command.
Unknown command.
MOVING TO (-3,3) Gw's ghost hits you!
You die...

........## ##.........
.........####........."
..........##.........(
#.........?...........
##...................
#..So................
#.)....o.............
#....W...............
#...eh..#............
#.......##...........
#.......###..........
#.......# ##.........
.!........# #.........
##.........# .........
#.........# ........
#.......... .......
......


You could see a hound, gw's ghost, an adder and 2 orcs.

Table legend:
 A = Turns spent in this place as a percentage of turns spent in the entire game.
 B = Non-inter-level travel turns spent in this place as a percentage of non-inter-level travel turns spent in the entire game.
 C = Inter-level travel turns spent in this place as a percentage of turns spent in this place.
 D = Turns resting spent in this place as a percentage of non-inter-level travel turns spent in this place.
 E = Turns spent auto-exploring this place as a percentage of non-inter-level travel turns spent in this place.
 F = Non-inter-level travel turns spent in this place divided by the number of levels of this place that you've seen.
                   A       B       C       D       E      F
               +-------+-------+-------+-------+-------+----------------------
         Total | 100.0 | 100.0 |   0.9 |   1.3 |   2.2 | 735.4
       Dungeon |  98.7 |  98.7 |   0.9 |   1.3 |   2.1 | 907.2
         Abyss |   1.3 |   1.3 |   0.0 |   0.0 |   6.2 |  48.0
               +-------+-------+-------+-------+-------+----------------------

Table legend:
 A = Kills in this place as a percentage of kills in entire the game.
 B = Kills by you in this place as a percentage of kills by you in the entire game.
 C = Kills by friends in this place as a percentage of kills by friends in the entire game.
 D = Other kills in this place as a percentage of other kills in the entire game.
 E = Experience gained in this place as a percentage of experience gained in the entire game.
 F = Experience gained in this place divided by the number of levels of this place that you have seen.
                   A       B       C       D       E      F
               +-------+-------+-------+-------+-------+----------------------
         Total | 100.0 | 100.0 |  -nan |  -nan | 100.0 |  38.6
       Dungeon | 100.0 | 100.0 |  -nan |  -nan | 100.0 |  48.2
               +-------+-------+-------+-------+-------+----------------------

Vanquished Creatures
  A giant frog (D:3)
  A river rat (D:3)
  2 worms (D:3)
  2 giant geckos (D:3)
  3 orcs (D:3)
  2 ball pythons
  A giant cockroach (D:3)
  11 hobgoblins
  4 jackals (D:1)
  3 kobolds
  5 bats
  3 giant newts
  9 goblins
  6 rats
53 creatures vanquished.

Notes
Turn   | Place    | Note
--------------------------------------------------------------
     0 | Abyss:1  | gw the Deep Elf Abyssal Knight began the quest for the Orb.
     0 | Abyss:1  | Reached XP level 1. HP: 13/13 MP: 4/4
    69 | Abyss:1  | Noticed a tentacled starspawn
    69 | D:1      | Escaped the Abyss
   145 | D:1      | Reached * piety under Lugonu
   395 | D:1      | Reached XP level 2. HP: 15/18 MP: 5/5
  1163 | D:3      | Reached skill level 1 in Armour
  1270 | D:3      | Found a sparkling altar of Nemelex Xobeh.
  1317 | D:3      | Reached ** piety under Lugonu
  1317 | D:3      | Reached XP level 3. HP: 19/22 MP: 6/6
  2192 | D:3      | Reached XP level 4. HP: 7/27 MP: 5/7
  2534 | D:3      | Noticed a giant frog
  2544 | D:3      | Killed a giant frog
  2544 | D:3      | Reached skill level 3 in Fighting
  2729 | D:4      | Noticed gw's ghost (amateur FeSk)
  2740 | D:4      | Found Pyitorun's Armour Emporium.
  2753 | D:4      | Slain by gw's ghost

Action                   |  1- 3 |  4- 6 || total
-------------------------+-------+-------++-------
Melee: Falchion          |   194 |    20 ||   214
Invok: Depart the Abyss  |     1 |       ||     1
       Bend Space        |     1 |     1 ||     2
  Eat: Chunk             |     5 |     2 ||     7

Vault maps used:
D:1:      lightli_molten_gateway
D:2:      nicolae_overflow_crystal_walls, bh_chokoban, minmay_ruptured
D:3:      first_bread, gup_sewer_entry_spiral, lemuel_statue_altar
D:4:      serial_shops, shop, minmay_parallelograms
Abyss:1:  hangedman_summoners_spam
